 Dungeon Crawl Stone Soup version 0.27.1-35-g4d5d836560 (console) character file.

Game seed: 1704560716792907741

58235 grimtooth the Warrior (level 14, -8/123 HPs)
             Began as a Merfolk Gladiator on May 5, 2022.
             Was a Priest of Fedhas.
             Killed from afar by an ogre mage (18 damage)
             ... with a bolt of magma
             ... on level 1 of the Orcish Mines.
             The game lasted 02:34:19 (22300 turns).

grimtooth the Warrior (Merfolk Gladiator)          Turns: 22300, Time: 02:34:19

Health: -8/123     AC:  9    Str: 24    XL:     14   Next: 89%
Magic:  18/21      EV: 16    Int:  9    God:    Fedhas [***...]
Gold:   1403       SH:  0    Dex: 15    Spells: 12/13 levels left

rFire    + . .     SeeInvis .   a - +0 trident
rCold    + . .     Faith    .   (no shield)
rNeg     . . .     Spirit   .   l - +1 leather armour {rC+ rF+}
rPois    .         Reflect  .   c - +1 helmet
rElec    .         Harm     .   D - +0 cloak
rCorr    .         Rampage  .   P - +0 pair of gloves
Will     +....                  p - +0 pair of boots
Stlth    ++++......             J - amulet of regeneration
HPRegen  1.30/turn              q - +4 ring of slaying
MPRegen  0.17/turn              N - +6 ring of strength

@: very slightly contaminated, studying Throwing, invisible
A: (nimble swimmer 2), mertail
a: Renounce Religion, Wall of Briars, Grow Ballistomycete


You were on level 1 of the Orcish Mines.
You worshipped Fedhas.
Fedhas was most pleased with you.
You visited 4 branches of the dungeon, and saw 20 of its levels.
You also visited: Sewer and Ice Cave.

You collected 1403 gold pieces.

Inventory:

Hand Weapons
 a - a +0 trident (weapon)
 b - a +1 hunting sling of freezing
Missiles
 d - 6 throwing nets {=f}
 h - 18 atropa-tipped darts (quivered)
 y - 79 poisoned darts
 F - 134 sling bullets
Armour
 c - a +1 helmet (worn)
 l - a +1 leather armour of resistance (worn)
 p - a +0 pair of boots (worn)
 D - a +0 cloak (worn)
 P - a +0 pair of gloves (worn)
 Y - a scarf of invisibility
Jewellery
 f - a ring of poison resistance
 q - a +4 ring of slaying (left hand)
 w - a ring of protection from fire
 z - a ring of flight
 J - an amulet of regeneration (around neck)
 N - a +6 ring of strength (right hand)
Wands
 i - a wand of acid (30)
 A - a wand of flame (43)
 G - a wand of digging (7)
 K - a wand of polymorph (25)
 M - a wand of charming (41)
 Q - a wand of mindburst (12)
 U - a wand of paralysis (6)
 V - a wand of iceblast (7)
Scrolls
 g - 6 scrolls of teleportation
 k - 2 scrolls of magic mapping
 m - a scroll of fog {unknown}
 B - 7 scrolls of noise {unknown}
 C - 2 scrolls of summoning {unknown}
 E - 3 scrolls of fear {unknown}
 I - a scroll of holy word {unknown}
 L - 5 scrolls of blinking {unknown}
 Z - a scroll of enchant weapon {unknown}
Potions
 e - a potion of magic
 n - 3 potions of cancellation
 o - 8 potions of curing
 v - a potion of ambrosia
 x - a potion of haste
 H - 4 potions of brilliance
 T - 4 potions of lignification
Miscellaneous
 R - a lightning rod (4/4)
 S - a condenser vane (inert)


   Skills:
 - Level 15.0 Fighting
 - Level 9.0 Polearms
 - Level 12.0 Throwing
 - Level 9.2 Dodging
 - Level 9.0 Stealth
 - Level 6.0 Translocations
 + Level 9.6 Invocations
 - Level 9.0 Evocations


You had 12 spell levels left.
You knew the following spells:

 Your Spells              Type           Power      Damage    Failure   Level
p - Apportation           Tloc           20%        N/A       4%          1

Your spell library contained the following spells:

 Spells                   Type           Power      Damage    Failure   Level
 Gell's Gravitas          Tloc           5%         N/A       12%         3
 Lesser Beckoning         Tloc           5%         N/A       12%         3
 Teleport Other           Tloc           10%        N/A       12%         3
 Animate Skeleton         Necr           0%         N/A       43%         1
 Foxfire                  Conj/Fire      0%         2x1d4     43%         1
 Freeze                   Ice            0%         1d3       43%         1
 Pain                     Necr           0%         1d4       43%         1
 Shock                    Conj/Air       0%         1d3       43%         1
 Summon Small Mammal      Summ           0%         N/A       43%         1
 Static Discharge         Conj/Air       0%         N/A       56%         2
 Sublimation of Blood     Necr           0%         N/A       56%         2
 Call Canine Familiar     Summ           0%         N/A       80%         3
 Conjure Flame            Conj/Fire      0%         6-21      80%         3
 Inner Flame              Hex/Fire       0%         N/A       80%         3
 Summon Guardian Golem    Hex/Summ       0%         N/A       80%         3
 Swiftness                Air            0%         N/A       80%         3
 Summon Forest            Summ/Tloc      2%         N/A       98%         5
 Airstrike                Air            0%         N/A       99%         4
 Dispel Undead            Necr           0%         3d6       99%         4
 Petrify                  Tmut/Erth      0%         N/A       99%         4
 Sticky Flame             Conj/Fire      0%         2d3       99%         4
 Summon Lightning Spire   Summ/Air       0%         N/A       99%         4
 Agony                    Necr           0%         N/A       100%        5
 Alistair's Intoxication  Tmut/Pois      0%         N/A       100%        5
 Excruciating Wounds      Necr           0%         N/A       100%        5
 Fireball                 Conj/Fire      0%         3d3       100%        5
 Freezing Cloud           Conj/Ice/Air   0%         6-21      100%        5
 Irradiate                Conj/Tmut      0%         3d13      100%        5
 Iskenderun's Battlesphe  Conj           0%         2d6       100%        5
 Metabolic Englaciation   Hex/Ice        0%         N/A       100%        5
 Summon Mana Viper        Hex/Summ       0%         N/A       100%        5
 Conjure Ball Lightning   Conj/Air       0%         3x3d6     100%        6
 Invisibility             Hex            0%         N/A       100%        6
 Shadow Creatures         Summ           N/A        N/A       100%        6
 Simulacrum               Ice/Necr       0%         N/A       100%        6
 Statue Form              Tmut/Erth      0%         N/A       100%        6
 Orb of Destruction       Conj           0%         N/A       100%        7
 Spellforged Servitor     Conj/Summ      0%         N/A       100%        7
 Storm Form               Tmut/Air       0%         N/A       100%        7
 Maxwell's Capacitive Co  Air            0%         ∞         100%        8
 Polar Vortex             Ice            0%         N/A       100%        9


Dungeon Overview and Level Annotations

Branches:
Dungeon (12/15)            Temple (1/1) D:4            Lair (6/6) D:9
  Swamp (0/4) Lair:2        Snake (0/4) Lair:3        Slime (0/5) Lair:6
    Orc (1/2) D:10          Sewer (visited)           IceCv (visited)

Altars:
Ashenzari
Cheibriados
Dithmenos
Elyvilon
Fedhas
Gozag
Hepliaklqana
Kikubaaqudgha
Makhleb
Nemelex Xobeh
Okawaru
Qazlal
Ru
Sif Muna
Trog
Uskayaw
Vehumet
Wu Jian
Xom
Yredelemnul
Zin
The Shining One

Shops:
D:6 [

Annotations:
D:10 2 transporters, Grum, Nergalle


Innate Abilities, Weirdness & Mutations

((You are quick and stealthy near water. (Stealth+, EV+, Speed+++)))
Your lower body shifts to a powerful aquatic tail in water.


Message History

A two-headed ogre comes into view. It is wielding two +0 giant clubs.
The two-headed ogre shouts in stereo!
The ogre mage gestures wildly while chanting.
The ogre mage flickers and vanishes!
Deactivating autopickup; reactivate with Ctrl-A.
A ballistomycete spore comes into view.
Throw: 19 darts (atropa)
Press: ? - help, Q - select action, (/) - cycle Shift-Dir - straight line
Okay, then.
Throw: 19 darts (atropa)
Press: ? - help, Q - select action, (/) - cycle Shift-Dir - straight line, f - two-headed ogre
Aim: a two-headed ogre, wielding two +0 giant clubs (83% to hit, chance to blind on hit: 56%)
You throw an atropa-tipped dart.
The atropa-tipped dart barely misses the two-headed ogre.
A two-headed ogre comes into view. It is wielding two +0 giant clubs.
Your ballistomycete spore explodes!
The orc warrior appears confused.
The explosion of spores engulfs the orc warrior!!
You kill the orc warrior!
Fedhas appreciates your contribution to the ecosystem.
A two-headed ogre comes into view.
It is wielding a +0 giant spiked club and a +0 giant club.
The two-headed ogre shouts in stereo! x2
An ogre and a two-headed ogre come into view.
The orc barely misses you. Something hits you.
The ogre moves out of view.
Something hits you!
The orc knight hits you with a +0 great mace!!
* * * LOW HITPOINT WARNING * * *
You fade into invisibility!
The orc misses you. Something hits you!
* * * LOW HITPOINT WARNING * * *
The orc knight hits you with a +0 great mace!!
* * * LOW HITPOINT WARNING * * *
You are very lightly contaminated with residual magic.
Enter note: O- hell You see here 31 gold pieces.
You hear some strange, mumbled words.
A bolt of magma appears from out of thin air!
The bolt of magma hits you!! You partially resist.
You die...
Fedhas appreciates your contribution to the ecosystem.

...## ..........
(..........#
>.......... ## ##
(..(......####.##
#.##(...>...........#
........O#..O...@..#
#..))....O..{.#..###
...<......OO..o###
........$.......#
#..........OO#.##
###.......#o####
##...........#
#..$.#..).).##
...#.......P.#
#.#.....)...##
####.......##


You could see an orc knight (wandering, corroded), 5 two-headed ogres, an ogre
and an orc (wandering, strong).

Vanquished Creatures
  Fannar (Lair:1)
  Harold (D:7)
  8 hydras
  3 catoblepae (Lair:6)
  2 two-headed ogres
  5 death yaks (Lair:6)
  Pikel (D:8)
  3 manticores
  2 ugly things (IceCv)
  4 black mambas
  Maurice (D:9)
  4 elephants (Lair:5)
  2 ice statues (IceCv)
  Joseph (D:9)
  8 cane toads
  An unseen horror (D:11)
  2 rime drakes
  7 komodo dragons
  A troll (D:11)
  A hornet (D:9)
  3 polar bears
  Grinder (D:4)
  Prince Ribbit (D:8)
  13 blink frogs
  A shadow (D:11)
  36 yaks
  3 wyverns
  5 basilisks
  A dire elephant simulacrum (IceCv)
  Eustachio (D:4)
  A death yak simulacrum (IceCv)
  3 wargs (D:10)
  A naga (Lair:3)
  2 acid dragons
  14 water moccasins
  4 black bears
  5 orc warriors
  An ice beast (D:6)
  A sky beast (D:5)
  4 necrophages
  4 ogres
  7 wolves
  4 centaurs
  A phantom (D:5)
  2 kobold brigands
  10 bullfrogs
  2 wyvern zombies
  A gnoll sergeant (D:9)
  5 scorpions
  2 cane toad simulacra (IceCv)
  A wyvern skeleton (D:7)
  2 water moccasin skeletons
  9 killer bees
  15 wights
  A howler monkey (D:11)
  4 electric eels
  A crimson imp (D:9)
  4 centaur zombies
  A hound (D:6)
  A human zombie (D:9)
  4 jellies
  2 orc priests
  2 bullfrog skeletons (D:5)
  6 orc wizards
  2 iguanas
  Terence (D:2)
  2 human simulacra (D:10)
  3 hound skeletons
  4 howler monkey zombies (D:9)
  5 adders
  7 gnolls
  A howler monkey skeleton (D:4)
  6 river rats
  A white imp (D:9)
  An ufetubus (D:4)
  5 worms
  4 dart slugs
  19 orcs
  16 ball pythons
  14 endoplasms
  7 giant cockroaches
  11 goblins
  8 hobgoblins
  4 jackals (D:1)
  31 kobolds
  3 quokkas
  3 bats
  6 frilled lizards
  26 rats
  A ballistomycete spore (Lair:5)
441 creatures vanquished.

Vanquished Creatures (collateral kills)
  A catoblepas (Lair:5)
  A death yak (Lair:6)
  2 blink frogs (Lair:6)
  2 yaks (Lair:6)
  An acid dragon (D:11)
  4 wolves
  22 ballistomycete spores
33 creatures vanquished.

Vanquished Creatures (others)
  4 yaks
  2 wights (D:10)
  4 ballistomycete spores
  28 fungi
  53 plants
91 creatures vanquished.

Grand Total: 565 creatures vanquished

Notes
Turn   | Place    | Note
-------+----------+-------------------------------------------
     0 | D:1      | grimtooth the Merfolk Gladiator began the quest for the
                  | Orb.
     0 | D:1      | Reached XP level 1. HP: 16/16 MP: 1/1
   199 | D:1      | Reached XP level 2. HP: 23/23 MP: 2/2
   265 | D:1      | Reached skill level 5 in Polearms
   303 | D:1      | Reached skill level 3 in Fighting
   424 | D:1      | Reached XP level 3. HP: 29/29 MP: 3/3
  1318 | D:2      | Found a faded altar of an unknown god.
  1323 | D:2      | Reached XP level 4. HP: 35/35 MP: 4/4
  1529 | D:2      | Noticed Terence
  1534 | D:2      | Killed Terence
  1796 | D:3      | Reached skill level 4 in Fighting
  2117 | D:3      | Reached XP level 5. HP: 36/42 MP: 5/5
  2195 | D:3      | Found a glowing drain.
  2250 | Sewer    | Entered a sewer
  2741 | Sewer    | Reached XP level 6. HP: 30/50 MP: 6/6
  2903 | Sewer    | Reached skill level 5 in Fighting
  3548 | D:4      | Found a shimmering altar of Xom.
  3841 | D:4      | Noticed Grinder
  3976 | D:4      | Killed Grinder
  3977 | D:4      | Reached skill level 6 in Fighting
  3977 | D:4      | Reached XP level 7. HP: 21/58 MP: 7/7
  4214 | D:4      | Reached skill level 1 in Stealth
  4260 | D:4      | Found a snail-covered altar of Cheibriados.
  4505 | D:4      | Found a staircase to the Ecumenical Temple.
  4545 | Temple   | Entered the Ecumenical Temple
  4600 | Temple   | Became a worshipper of Fedhas Madash
  5047 | D:4      | Noticed Eustachio
  5133 | D:4      | Identified the +0 barding "Cetippuj" {rF- rN+ rCorr}
  5136 | D:4      | Found an ornate altar of the Wu Jian Council.
  5486 | D:5      | Entered Level 5 of the Dungeon
  5631 | D:5      | Reached skill level 5 in Stealth
  5641 | D:5      | Reached XP level 8. HP: 21/64 MP: 8/8
  6290 | D:5      | Reached skill level 5 in Dodging
  6598 | D:5      | You fall into a shaft and drop 3 floors!
  6787 | D:8      | Reached * piety under Fedhas
  7217 | D:6      | Reached XP level 9. HP: 59/69 MP: 9/9
  7654 | D:6      | Reached skill level 7 in Fighting
  7899 | D:6      | Found a shadowy altar of Dithmenos.
  7925 | D:6      | Found Teaquyhal's Antique Armour Shop.
  8241 | D:7      | Reached skill level 8 in Fighting
  8250 | D:7      | Noticed Harold
  8418 | D:8      | Noticed Pikel
  8435 | D:8      | Killed Pikel
  8436 | D:8      | Reached skill level 9 in Fighting
  8494 | D:8      | Reached skill level 5 in Throwing
  8502 | D:8      | Reached XP level 10. HP: 54/83 MP: 11/11
  8621 | D:8      | Noticed Prince Ribbit
  8635 | D:8      | Killed Prince Ribbit
  8773 | D:8      | Reached ** piety under Fedhas
  9094 | D:9      | Noticed Joseph
  9611 | D:9      | Found a glowing golden altar of the Shining One.
  9669 | D:9      | Found a radiant altar of Vehumet.
  9696 | D:9      | You fall into a shaft and drop 3 floors!
  9697 | D:12     | - again!
  9710 | D:12     | Noticed a cyclops
 10077 | D:11     | - why am i getting no portal hints
 10240 | D:11     | Noticed a cyan ugly thing
 10285 | D:11     | - so I lost the gauntlet
 10304 | D:10     | Entered Level 10 of the Dungeon
 10304 | D:10     | Found a staircase to the Orcish Mines.
 10338 | D:11     | Reached skill level 5 in Invocations
 10389 | D:11     | Reached XP level 11. HP: 75/89 MP: 14/14
 10502 | D:9      | Found a staircase to the Lair.
 10595 | D:9      | Reached *** piety under Fedhas
 10674 | D:9      | Killed Joseph
 10952 | D:9      | Noticed Maurice
 10971 | D:9      | Killed Maurice
 11105 | D:9      | Found a basalt altar of Yredelemnul.
 11679 | D:10     | Noticed a two-headed ogre
 11687 | D:10     | Killed a two-headed ogre
 11706 | D:10     | Found a transporter.
 11708 | D:10     | Found a transporter.
 11710 | D:10     | Noticed a boulder beetle
 11931 | D:10     | Found a hazy altar of Hepliaklqana.
 12164 | D:10     | Noticed Grum
 12197 | D:10     | Noticed Nergalle
 12300 | D:10     | - this is an odd little vault
 12366 | D:10     | Reached **** piety under Fedhas
 12630 | D:4      | Killed Eustachio
 12855 | D:7      | Killed Harold
 13122 | D:7      | Identified the +6 chain mail "Waorio" {Dex+3}
 13487 | Lair:1   | Entered Level 1 of the Lair of Beasts
 13532 | Lair:1   | Noticed Fannar
 13577 | Lair:1   | - well this is unusual
 13876 | Lair:1   | Noticed a seven-headed hydra
 13906 | Lair:1   | Noticed Urug
 13908 | Lair:1   | Noticed Urug
 13908 | Lair:1   | Urug changed into Urug the manticore
 13918 | Lair:1   | Killed Urug the manticore
 13919 | Lair:1   | Reached skill level 10 in Fighting
 13919 | Lair:1   | Reached XP level 12. HP: 44/97 MP: 18/18
 14414 | Lair:2   | Got Paenwy's Catalogue of Stolen Souls and the Snowflakes
 14846 | Lair:2   | Found a staircase to the Swamp.
 15398 | Lair:3   | Reached skill level 11 in Fighting
 15599 | Lair:3   | Reached skill level 5 in Evocations
 15827 | Lair:3   | Found a staircase to the Snake Pit.
 16550 | Lair:4   | Noticed a seven-headed hydra
 16653 | Lair:4   | Reached ***** piety under Fedhas
 16794 | Lair:4   | Reached skill level 12 in Fighting
 16867 | Lair:4   | Noticed a six-headed hydra
 16889 | Lair:4   | Killed a six-headed hydra
 17046 | Lair:4   | Reached skill level 14 in Fighting
 17046 | Lair:4   | Reached XP level 13. HP: 113/113 MP: 19/19
 17220 | Lair:4   | Reached skill level 10 in Throwing
 17870 | Lair:5   | Found a frozen archway.
 17922 | IceCv    | Entered an ice cave
 17923 | IceCv    | - this one again
 17924 | IceCv    | Found a transporter.
 17982 | IceCv    | Found a transporter.
 18036 | IceCv    | Reached XP level 14. HP: 68/121 MP: 17/20
 18108 | IceCv    | Learned a level 1 spell: Apportation
 18729 | Lair:1   | Killed Fannar
 18787 | Lair:1   | Reached skill level 15 in Fighting
 18811 | Lair:1   | You fall into a shaft and drop 1 floor!
 19285 | Lair:5   | Reached skill level 1 in Translocations
 19732 | Lair:6   | Entered Level 6 of the Lair of Beasts
 20182 | Lair:6   | Found a staircase to the Slime Pits.
 20804 | Lair:6   | Reached skill level 5 in Translocations
 21511 | Lair:6   | - you dumbass
 22255 | Orc:1    | Entered Level 1 of the Orcish Mines
 22296 | Orc:1    | HP: 5/123 [orc knight (20)]
 22297 | Orc:1    | O- hell
 22300 | Orc:1    | Killed from afar by an ogre mage

Illustrated notes ## # .. #.###.# #..@..# #.##### # Turn 9697 on D:12: - again! # # # #.. #.# #.# #.# #.# #.# #.# #@################ #................. #.################ ### Turn 10077 on D:11: - why am i getting no portal hints #.. . ###.###########... .)?............... o##>.............. ######.######... #.# ... #.# #'# #.# #####.# #.###...#.###'# #...).........# #........@## #.........## #..........# ##########.# ####### ##'###.....####### #..........##..... #..........##..... #......(......<... #.....(.....####.# #...........# #.# #...........# #.# Turn 10285 on D:11: - so I lost the gauntlet

#.#####...# ####......# #...#
###.# #...# #8######.# #...#
....# #...# #≈# #.####...# ....#
#...# 8#©#8 #..>.....# ###.#
#...###...## #..####.(# #.#
#...##B#.#.# #..# #..# #.#
#...##.#g#.# #..# #..# #.#
#...##.#.#.# #..# #..# #.#
#...##.hh[.# #..# #..# #.#
#...######## #..# #..## #.#
#....#..@..# #..# #....
#.#####....#..©..## #..# #....
#.................# #..# #....
###...............#####..####....
.....#####................<......
.....# #.......................
.....# #..............####.....
.....# #............).# #.....
.....# #..............# #.....
.....# #..............####.....
.....# #.................#.....


Turn 12300 on D:10: - this is an odd little vault ##.######## ###
.......#..######.### ...........#.......### .....................##.....#
............................. .............................
.................(........... ................@.....$.....e
............................. .............................
.....<....................... ...................###...#... ..............#...##
#### #.........P######## ############ Turn 13577 on Lair:1: - well this is
unusual #...:.©.)...# ##.Z..$[!....## #......[......# #..Z.8.u.8....#
#.............# #.........Z.# #...........# #.Z...@.....# ##.........##
##...∩...## ##.....## ####### Turn 17923 on IceCv: - this one again ## ##(###
.$$}(# ####### ##...$# ###P##P.## ##@...# ##.......P###§Y.### ##...#.....P###.##
##...###.....# #.# #...## ##....# #.# ..### ###..### #.# ### ##...## #.# ##
##..### ##.#### .## #P..## #.....## ..# ##..P# ##..#..÷# #.###...## #..####.#
Turn 21511 on Lair:6: - you dumbass ....... (..........# >.......... ## ##
(..(......####.# ##.##(...OO.......... #........O#O........ ##..))...OO....#..#
#...<......{...$## #........$.......# ##..........o@#.## ###.......#o##
##...........# ##..$.#..).).## #...#.......P.# ##.#.....)...## ####.......##
#......## ##...### ##### Turn 22297 on Orc:1: O- hell

Levels and vault maps discovered:
D:1:      noname_arrival_rooms_in_the_neighbourhood, layout_basic
D:2:      layout_basic, ebering_ecumenical_altar_webs, uniq_terence
D:3:      layout_loops_ring, portal_sewer_entry_e, minmay_between
D:4:      layout_layer_cave, cheibriados_altar_1, mainiacjoe_overflow_catwalk,
          nzn_wu_jian_contemplation, minmay_temple_entry_glassed_door,
          uniq_eustachio, uniq_grinder
D:5:      layout_basic, serial_corexii_hall, chequers_hall_statues_corner_a,
          corexii_hall_statues_x
D:6:      minmay_evil_eye, layout_cave_pools,
          mainiacjoe_overflow_six_doors_small, serial_shops, shop
D:7:      layout_basic, uniq_harold
D:8:      layout_loops_ring, kennysheep_dice, uniq_pikel, uniq_prince_ribbit1
D:9:      layout_basic, lemuel_mausoleum_altar_yredelemnul,
          mainiacjoe_overflow_alcove_4, mainiacjoe_overflow_chevrons,
          minmay_lair_entry_grove, hangedman_decor_points,
          minmay_fire_ice_demons, uniq_maurice, uniq_joseph
D:10:     gammafunk_boulding_lane, layout_long_grid, general_overflow_altar,
          minmay_orc_entry_guard_dogs, bh_circular_ruins, uniq_nergalle,
          uniq_grum
D:11:     regret_index_wax_grids, layout_basic, gauntlet_entry_generic
D:12:     layout_basic, trove_entry_hex_spiral, ebering_ghost_rock_garden,
          minmay_pinched_square
Temple:   zaba_magenta_temple
Lair:1:   layout_hall_layers, nicolae_quartered_pool_medium, uniq_fannar,
          uniq_urug
Lair:2:   layout_regular_city, minmay_swamp_entry_worms, lemuel_fruit_fields,
          minmay_lair_oklob_chamber, lemuel_fruit_tree
Lair:3:   layout_small_grid, guppyfry_snake_entry_garden, beast_lair_carwin_11
Lair:4:   layout_layer_cave, minivault_25
Lair:5:   layout_cellular_growth, portal_ice_cave_entry_pillars_2,
          grunt_megastairs_4
Lair:6:   evilmike_catoblepas_cave, layout_gridlike,
          nicolae_slime_entry_slimehenge
Orc:1:    layout_caves, basic_altar, serial_shops, nicolae_shop_behind_doors,
          nicolae_orc_damp_corner

Skill      XL: |  1  2  3  4  5  6  7  8  9 10 11 12 13 14 |
---------------+-------------------------------------------+-----
Polearms       | 5 6 7 9 |  9.0
Fighting       | 3 4 6 9 10 14 15 | 15.0
Stealth        | 5 6 7 9 |  9.0
Dodging        | 9 |  9.2
Invocations    | 2 5 9 |  9.6
Throwing       | 5 9 11 12 | 12.0
Evocations     | 3 6 9 |  9.0
Translocations | 6 |  6.0

Action                   |  1- 3 |  4- 6 |  7- 9 | 10-12 | 13-15 || total
-------------------------+-------+-------+-------+-------+-------++-------
Melee: Trident           |    79 |   246 |   228 |   517 |   213 ||  1283
       Tailslap          |       |     4 |       |     1 |       ||     5
 Fire: Hunting sling     |    25 |    75 |   142 |   379 |   266 ||   887
Throw: Dart              |       |     1 |    11 |    28 |    22 ||    62
       Stone             |       |       |     1 |       |       ||     1
       Throwing net      |       |       |     1 |       |       ||     1
 Cast: Apportation       |       |       |       |       |     2 ||     2
Invok: Wall of Briars    |       |       |       |     2 |    21 ||    23
       Grow Ballistomyce |       |       |       |     2 |     6 ||     8
Evoke: Wand              |       |       |       |    10 |    27 ||    37
       Condenser vane    |       |       |       |     1 |     1 ||     2
  Use: Scroll            |       |       |       |    15 |     2 ||    17
       Potion            |       |       |       |     4 |     7 ||    11
 Stab: Held in net/web   |       |       |     2 |       |       ||     2
       Invisible         |       |       |       |     3 |     3 ||     6
       Sleeping          |       |       |       |    12 |       ||    12
       Confused          |       |       |       |     3 |     4 ||     7
       Distracted        |       |       |       |     1 |       ||     1
       Paralysed         |       |       |       |       |     4 ||     4
Armor: Leather armour    |    26 |    59 |    58 |   127 |    86 ||   356
       Skin              |       |       |       |       |     1 ||     1
Dodge: Dodged            |    53 |   182 |   121 |   425 |   206 ||   987
